 Dungeon Crawl Stone Soup version 0.26-a0-1132-ge9770dfcb6 (webtiles) character file.

Game seed: 12883108559635620132

938 tilp the Changer (level 8, -1/50 HPs)
             Began as an Octopode Transmuter on Dec 20, 2020.
             Was an Initiate of Nemelex Xobeh.
             Killed from afar by an orc wizard (8 damage)
             ... with a puff of flame
             ... on level 6 of the Dungeon.
             The game lasted 00:14:23 (8008 turns).

tilp the Changer (Octopode Transmuter)              Turns: 8008, Time: 00:14:23

Health: -1/50      AC:  1    Str:  9    XL:     8   Next: 12%
Magic:  13/14      EV: 13    Int: 18    God:    Nemelex Xobeh [......]
Gold:   117        SH:  0    Dex: 12    Spells: 9/15 levels left

rFire    . . .     SeeInvis .     - Unarmed
rCold    . . .     Faith    .   (no shield)
rNeg     . . .     Spirit   .   (helmet currently unavailable)
rPois    .         Reflect  .   (no amulet)
rElec    .         Harm     .   (no ring)
rCorr    .         Rampage  .   (no ring)
Will     .....                  (no ring)
Stlth    +++.......             (no ring)
HPRegen  0.16/turn              (no ring)
MPRegen  0.14/turn              (no ring)
                                (no ring)
                                (no ring)

@: appendages
A: almost no armour, stealthy swim, amphibious, 8 rings, constrict 8, tentacle
spike 3, camouflage 1, gelatinous body 1
a: End Transformation, Renounce Religion, Draw Escape, Draw Destruction, Draw
Summoning


You were on level 6 of the Dungeon.
You worshipped Nemelex Xobeh.
Nemelex Xobeh was noncommittal.
One of your tentacles had a temporary spike.
You visited 2 branches of the dungeon, and saw 7 of its levels.
You also visited: Ossuary.

You collected 213 gold pieces.
You spent 96 gold pieces at shops.

Inventory:

Hand Weapons
 s - a +3 war axe of freezing
 w - the +7 hand axe "Lyckara" {venom, rN++ Int+4, unknown}
   (You found it on level 4 of the Dungeon)

   It poisons the flesh of those it strikes.
   It affects your intelligence (+4).
   It greatly protects you from negative energy.
Missiles
 b - 84 stones
 d - 46 poisoned darts (quivered)
Armour
 h - a +1 kite shield
Jewellery
 m - an uncursed ring of ice {unknown}
Wands
 o - a wand of enslavement (8)
 p - a wand of polymorph (7)
 B - a wand of iceblast (5)
 C - a wand of digging (21)
Scrolls
 e - a scroll of fog
 f - 3 scrolls of enchant armour
 g - 3 scrolls of magic mapping
 u - a scroll of identify
 x - a scroll of blinking
Potions
 a - 5 potions of curing
 i - a potion of might {unknown}
 j - a potion of cancellation
 k - 2 potions of haste
 l - 4 potions of flight
 n - 3 potions of degeneration {unknown}
 q - 3 potions of brilliance {unknown}
 r - a potion of attraction {unknown}
 t - a potion of mutation {unknown}
 v - 2 potions of heal wounds {unknown}
 z - 2 potions of invisibility {unknown}


   Skills:
 - Level 2.0 Fighting
 - Level 2.0 Dodging
 - Level 4.0 Stealth
 - Level 4.0 Unarmed Combat
 - Level 4.0 Spellcasting
 * Level 6.8 Transmutations
 - Level 2.0 Poison Magic


You had 9 spell levels left.
You knew the following spells:

 Your Spells              Type           Power        Failure   Level
a - Beastly Appendage     Tmut           56%          1%          1
b - Wereblood             Tmut           28%          1%          2
c - Spider Form           Tmut/Pois      9%           7%          3

Your spell library contained the following spells:

 Spells                   Type           Power        Failure   Level
 Blade Hands              Tmut           14%          24%         5
 Ice Form                 Ice/Tmut       15%          34%         4


Dungeon Overview and Level Annotations

Branches:
Dungeon (6/15)             Temple (1/1) D:5         Ossuary (visited)

Altars:
Ashenzari
Dithmenos
Elyvilon
Fedhas
Gozag
Kikubaaqudgha
Makhleb
Nemelex Xobeh
Okawaru
Qazlal
Sif Muna
Uskayaw
Vehumet
Wu Jian
Yredelemnul
The Shining One

Shops:
D:4 [   D:5 *

Annotations:
D:4 2 runed translucent doors, exclusion: sky beast, Crazy Yiuf; qborf's ghost, amateur OpTm
D:5 exclusions: ogre and water moccasin
D:6 exclusion: 4 wights


Innate Abilities, Weirdness & Mutations

You cannot wear most types of armour.
You are very stealthy in the water. (Stealth+)
You are amphibious.
You can wear up to eight rings at the same time.
You can use your tentacles to constrict eight enemies at once.
Your skin changes colour to match your surroundings (Stealth+).
Your rubbery body absorbs attacks. (AC +1, EV +1)
One of your tentacles bears a large vicious spike.


Message History

The orc misses you. The bullfrog barely misses you.
Blink to where?
Press: ? - help, Dir - move target
As you read the scroll of blinking, it crumbles to dust.
An adder comes into view.
The adder hisses angrily.
Found a leather armour.
Found a stone staircase leading down.
You close the door.
Casting: Wereblood (safe; 1% risk of failure)
Confirm with . or Enter, or press ? or * to list all spells.
One of your tentacles grows a vicious spike.
You miss the adder. You grab the adder.
Your tentacle spike misses the adder.
You constrict the adder. The adder bites you.
* * * LOW HITPOINT WARNING * * *
You tentacle-slap the adder.
You pierce the adder.
You squeeze the adder.
You kill the adder!
The orc wizard casts a spell at you. The puff of flame hits you!
You die...
Your body disappears without a glow.

,,,,,,,,,,........#**+***,,,,,...
,,,,,,,,,.........#..,,*.,,,,,#..
,,,,,,,,,.........#..,,'.,,,,,#..
,,,,,,,,,.........#....#,,,,,,#..
,,,,,,,,,.........###'##*,,,,,*..
,,*+****,.........#....#########'
,,*,,,,*,.........#.......o......
***,,,,*,.......†.+...(oF........
,,,,,,,*,.......@.#.....§........
,,,,,,,*,.........#....##........
,***+***,.>......o#....##........
**,,,,,,,............,.##.....##.
,,,,,,,,,....8..8...,,,##.....##.
......,,,............,,,......##.
......,,,..8..[...8...,.......##.
......,,,....................>...
......,,,,,,,,,,,,,,,,,**,,,,,##.


You could see an orc wizard (fast).

Vanquished Creatures
  A wraith (Ossuary)
  An ogre (D:5)
  2 scorpions
  2 wights
  3 centaur zombies
  A centaur skeleton (D:4)
  An orc priest (D:3)
  An orc wizard (D:3)
  4 worker ants
  A hound skeleton (D:4)
  A gnoll (D:1)
  12 adders
  A white imp (D:5)
  An ufetubus (D:5)
  2 oozes
  5 worms
  4 dart slugs
  2 leopard geckos
  4 orcs
  5 bats
  3 giant cockroaches
  19 goblins
  8 hobgoblins
  4 quokkas
  3 ball pythons
  2 ball python skeletons (Ossuary)
  7 frilled lizards
  A hobgoblin skeleton (Ossuary)
  A hobgoblin zombie (Ossuary)
  5 kobolds
  An orc skeleton (Ossuary)
  An orc zombie (Ossuary)
  A quokka zombie (D:6)
  8 rats
  A rat zombie (D:6)
119 creatures vanquished.

Notes
Turn   | Place    | Note
-------+----------+-------------------------------------------
     0 | D:1      | tilp the Octopode Transmuter began the quest for the Orb.
     0 | D:1      | Reached XP level 1. HP: 13/13 MP: 3/3
   131 | D:1      | Reached skill level 1 in Stealth
   132 | D:1      | Reached XP level 2. HP: 14/18 MP: 5/5
   139 | D:1      | Learned a level 2 spell: Wereblood
   582 | D:1      | Reached XP level 3. HP: 24/24 MP: 4/6
  1611 | D:2      | Reached XP level 4. HP: 29/29 MP: 3/7
  1701 | D:2      | You fall into a shaft and drop 2 floors!
  1865 | D:2      | Found a faded altar of an unknown god.
  2259 | D:2      | Reached XP level 5. HP: 28/34 MP: 4/8
  2556 | D:2      | Found a hide-covered altar of Uskayaw.
  2639 | D:3      | Found a stormy altar of Qazlal.
  3301 | D:3      | Reached skill level 3 in Transmutations
  3458 | D:3      | Found a blossoming altar of Fedhas.
  3844 | D:3      | Reached XP level 6. HP: 32/39 MP: 7/10
  3928 | D:3      | Learned a level 3 spell: Spider Form
  3994 | D:4      | Reached skill level 4 in Transmutations
  4189 | D:4      | Noticed a phantom
  4232 | D:4      | Found Porchu's Antique Armour Shoppe.
  4300 | D:4      | Found a radiant altar of Vehumet.
  4522 | D:4      | Found a runed translucent door.
  4523 | D:4      | Noticed Crazy Yiuf
  4565 | D:4      | Got an ichor-stained hand axe
  4611 | D:4      | Found a runed translucent door.
  4615 | D:4      | Noticed qborf's ghost (amateur OpTm)
  4707 | D:4      | Noticed a sky beast
  4727 | D:4      | Found a broken altar of Ashenzari.
  5191 | D:5      | Entered Level 5 of the Dungeon
  5191 | D:5      | Found a shimmering blue altar of Sif Muna.
  5252 | D:5      | Noticed a water moccasin
  5269 | D:5      | Found Apat's Assorted Antiques.
  5280 | D:5      | Bought a bone wand for 96 gold pieces
  5446 | D:5      | Reached skill level 1 in Poison Magic
  5446 | D:5      | Reached XP level 7. HP: 37/45 MP: 10/12
  5805 | D:5      | Reached skill level 5 in Transmutations
  6139 | D:5      | Found a staircase to the Ecumenical Temple.
  6148 | Temple   | Entered the Ecumenical Temple
  6364 | Temple   | Became a worshipper of Nemelex Xobeh the Trickster
  6687 | D:6      | Found a sand-covered staircase.
  6702 | Ossuary  | Entered an ossuary
  6952 | Ossuary  | Noticed a wraith
  6952 | Ossuary  | Noticed a flying skull
  7034 | Ossuary  | Noticed a flying skull
  7043 | Ossuary  | Noticed a wraith
  7329 | Ossuary  | Killed a wraith
  7330 | Ossuary  | Reached skill level 6 in Transmutations
  7397 | Ossuary  | Noticed a flying skull
  7431 | Ossuary  | Noticed a wraith
  7630 | Ossuary  | Noticed a flying skull
  7631 | Ossuary  | Noticed a flying skull
  7765 | D:6      | Found a shadowy altar of Dithmenos.
  7792 | D:6      | Reached XP level 8. HP: 36/50 MP: 12/14
  8008 | D:6      | Killed from afar by an orc wizard

Illustrated notes

Levels and vault maps discovered:
D:1:      minmay_arrival_doors, layout_loops_ring
D:2:      layout_rooms, nicolae_overflow_hidden_temple,
          chequers_ecumenical_altar_twisty, grunt_decor_junction
D:3:      layout_basic, nicolae_qazlal_general_emergency, serial_glass,
          glass_columns_c, glass_columns_a, feat_on_display,
          fedhas_ov_isle_minmay
D:4:      layout_loops_ring, lemuel_crystal_altar, cheibrodos_ashenzari_chains,
          serial_shops, shop, ebering_ghost_sewer_d, st_stairs_13,
          uniq_crazy_yiuf_cottage
D:5:      layout_rooms, general_overflow_altar, temple_hall, serial_shops, shop,
          minmay_ogre_servants
D:6:      layout_gridville, enter_ossuary_4, basic_altar,
          minmay_misc_feat_plants
Temple:   jpeg_temple_alley_garden

Skill      XL: |  1  2  3  4  5  6  7 |
---------------+----------------------+-----
Stealth        | 1 2 4 |  4.0
Fighting       | 2 |  2.0
Unarmed Combat | 4 |  4.0
Transmutations | 3 4 6 |  6.8
Spellcasting   | 3 4 |  4.0
Poison Magic   | 1 2 |  2.0
Dodging        | |  2.0

Action                   |  1- 3 |  4- 6 |  7- 9 || total
-------------------------+-------+-------+-------++-------
Melee: Unarmed           |    62 |   135 |    77 ||   274
       Constrict         |    22 |    32 |    19 ||    73
       Kick              |    15 |    33 |    24 ||    72
       Tentacles         |     9 |    20 |    16 ||    45
       Punch             |     2 |     8 |     2 ||    12
Throw: Dart              |    10 |    52 |    26 ||    88
       Stone             |       |     2 |       ||     2
       Boomerang         |       |     7 |       ||     7
 Cast: Beastly Appendage |    19 |    35 |    14 ||    68
       Wereblood         |     4 |     8 |     6 ||    18
Evoke: Wand              |       |       |     5 ||     5
  Use: Scroll            |     4 |     4 |    11 ||    19
       Potion            |     1 |     1 |       ||     2
 Stab: Sleeping          |     5 |    13 |     7 ||    25
Armor: Skin              |     3 |     8 |     3 ||    14
Dodge: Dodged            |    36 |    51 |    39 ||   126

Table legend: (Time is in decaauts)
 A = Elapsed time spent in this place.
 B = Non-inter-level travel time spent in this place.
 C = Inter-level travel time spent in this place.
 D = Time resting spent in this place.
 E = Time spent auto-exploring this place.
 F = Levels seen in this place.
 G = Mean time per level.
                   A        B        C        D        E       F      G
               +--------+--------+--------+--------+--------+-----+--------+
         Total |   8013 |   7522 |    491 |   1600 |   4485 |   8 | 1001.6 |
       Dungeon |   6767 |   6312 |    455 |   1055 |   4213 |   6 | 1127.8 |
        Temple |    241 |    205 |     36 |      0 |    203 |   1 |  241.0 |
       Ossuary |   1004 |   1004 |      0 |    545 |     69 |   1 | 1004.0 |
               +--------+--------+--------+--------+--------+-----+--------+

Top non-repeatable levels by time:
     D:3: 1541 daAuts
     D:1: 1308 daAuts
     D:4: 1263 daAuts
     D:5: 1152 daAuts
     D:2: 1146 daAuts
 Ossuary: 1004 daAuts
     D:6: 355 daAuts
  Temple: 241 daAuts
